 Dungeon Crawl Stone Soup version 0.30.1-11-g7821555f0a (webtiles) character file.

Game seed: 4049494972791935886

2464 Betrocious the Grappler (level 9, -1/69 HPs)
             Began as a Ghoul Gladiator on Jan 4, 2024.
             Was a Follower of Wu Jian.
             Slain by a troll (4 damage)
             ... on level 11 of the Dungeon.
             The game lasted 00:45:38 (7353 turns).

Betrocious the Grappler (Ghoul Gladiator)           Turns: 7353, Time: 00:45:39

Health: -1/69      AC: 20    Str: 24    XL:     9   Next: 50%
Magic:  8/8        EV:  8    Int:  3    God:    Wu Jian [*.....]
Gold:   330        SH:  5    Dex: 10    Spells: 8/8 levels left

rFire   x .          .
                       - Unarmed
rCold   + + .        (no shield)
rNeg    + + +        B - +0 plate armour of the Tundras {Will+ Str+2}
rPois   ∞            b - +0 helmet
rElec   .            J - +0 cloak
rCorr   .            (no gloves)
SInv    .            M - +1 pair of boots
Will    +....        p - amulet of reflection Stlth
                     q - +4 ring of protection
HPRegen 0.00/turn    I - ring of ice
MPRegen 0.11/turn

%: reflection
@: inhibited regen
A: claws 1, cold resistance 1, negative energy resistance 3, inhibited
regeneration, torment resistance 2, devour on kill
a: Renounce Religion


You were on level 11 of the Dungeon.
You worshipped Wu Jian.
Wu Jian was aware of your devotion.
You visited 2 branches of the dungeon, and saw 10 of its levels.
You also visited: Sewer.

You collected 473 gold pieces.
You spent 143 gold pieces at shops.

Inventory:

Missiles
 c - 6 throwing nets (quivered)
 d - a javelin
Armour
 b - a +0 helmet (worn)
 n - the +1 leather armour of the Delightful Wumpus {rF+}
   (You found it on level 2 of the Dungeon)

   rF:        It protects you from fire.
 B - the +0 plate armour of the Tundras (worn) {Will+ Str+2}
   (You found it on level 5 of the Dungeon)

   Str:       It affects your strength (+2).
   Will:      It increases your willpower.
 J - a +0 cloak (worn)
 M - a +1 pair of boots (worn)
Magical Staves
 o - a staff of conjuration
Jewellery
 p - an amulet of reflection (around neck)
 q - a +4 ring of protection (left claw)
 z - the amulet "Nuibbaq" {Spirit rElec rF- Dex+4}
   (You found it on level 4 of the Dungeon)

   [amulet of guardian spirit]

   It causes incoming damage to be divided between your reserves of health and
   magic.
   Dex:       It affects your dexterity (+4).
   rF:        It makes you vulnerable to fire.
   rElec:     It insulates you from electricity.
 I - a ring of ice (right claw)
 N - a ring of poison resistance
 O - a ring of protection from fire
 P - an amulet of magic regeneration
 Q - a ring of protection from fire
Wands
 D - a wand of mindburst (31)
 G - a wand of flame (21)
 K - a wand of light (11)
Scrolls
 e - 6 scrolls of amnesia
 f - 6 scrolls of teleportation
 h - 2 scrolls of poison
 i - 2 scrolls of vulnerability
 k - 2 scrolls of fog
 t - a scroll of butterflies {unknown}
 u - a scroll of acquirement {unknown}
 v - a scroll of enchant armour {unknown}
 y - 2 scrolls of magic mapping
 E - a scroll of torment {unknown}
 H - 2 scrolls of noise {unknown}
Potions
 a - 4 potions of brilliance {unknown}
 g - 2 potions of lignification {unknown}
 j - 3 potions of ambrosia {unknown}
 l - 7 potions of curing {unknown}
 m - 2 potions of flight {unknown}
 r - 2 potions of berserk rage
 w - a potion of haste {unknown}
 x - 3 potions of degeneration {unknown}
 A - 2 potions of heal wounds {unknown}
 C - a potion of magic {unknown}
 F - a potion of mutation {unknown}
 L - a potion of resistance {unknown}


   Skills:
 + Level 3.1 Fighting
 + Level 2.3 Throwing
 + Level 4.0 Armour
 + Level 4.4 Dodging
 + Level 0.8 Stealth
 + Level 3.9 Shields
 + Level 10.9 Unarmed Combat


You had 8 spell levels left.
You didn't know any spells.
Your spell library contained the following spells:

 Spells                   Type           Power      Damage    Failure   Level
 Poisonous Vapours        Pois/Air       0%         N/A       100%        2
 Ignite Poison            Fire/Tmut/Pois 0%         N/A       100%        3
 Mephitic Cloud           Conj/Pois/Air  0%         N/A       100%        3
 Tukima's Dance           Hex            0%         N/A       100%        3
 Passage of Golubria      Tloc           0%         N/A       100%        4
 Sticky Flame             Conj/Fire      0%         2d3       100%        4
 Freezing Cloud           Conj/Ice/Air   0%         6-21      100%        5
 Yara's Violent Unravell  Hex/Tmut       0%         3d3       100%        5
 Ignition                 Fire           0%         3d3       100%        8


Dungeon Overview and Level Annotations

Branches:
Dungeon (11/15)            Temple (1/1) D:6           Sewer (visited)
   Lair: D:8-11         Orc: D:9-12

Altars:
Ashenzari
Cheibriados
Dithmenos
Fedhas
Gozag
Hepliaklqana
Kikubaaqudgha
Makhleb
Nemelex Xobeh
Okawaru
Qazlal
Ru
Trog
Uskayaw
Vehumet
Wu Jian
Xom
Yredelemnul

Shops:
D:3 =   D:6 [   D:7 [?([

Annotations:
D:3 2 transporters


Innate Abilities, Weirdness & Mutations

You are immune to poison.
You have sharp fingernails.
Your flesh is cold resistant. (rC+)
You are immune to negative energy. (rN+++)
You do not regenerate when monsters are visible.
You are immune to unholy pain and torment.
You thrive by killing the living.


Message History

Press: ? - help, Q - select action, (/) - cycle Dir - look around, f - activate You can't see that place. [a rock wall.]
The air fills with toxic fumes!
As you read the scroll of poison, it crumbles to dust.
Unknown command.
Unknown command.
The troll bites you! You block the troll's attack. The troll claws you.
You closely miss the troll. The troll bites you.
The troll claws you but does no damage. The troll closely misses you.
You scratch the troll but do no damage. The troll bites you.
The troll claws you. The troll barely misses you.
You claw the troll!
The troll is moderately wounded.
The troll bites you! You block the troll's attack. The troll claws you.
You spin and attack the troll.
You closely miss the troll.
The troll is moderately wounded.
The troll bites you! The troll claws you!
* * * LOW HITPOINT WARNING * * *
The troll claws you!
* * * LOW HITPOINT WARNING * * *
The troll attacks as you move away! The troll bites you!
* * * LOW HITPOINT WARNING * * *
The troll claws you but does no damage. The troll closely misses you.
You scratch the troll.
The troll is heavily wounded.
The troll barely misses you. The troll claws you but does no damage.
You block the troll's attack.
Really read the scroll of immolation?
Okay, then.
Read: scroll of immolation
Press: ? - help, Q - select action, (/) - cycle Dir - look around, f - activate Look: a troll (moderately wounded, susceptible)
As you read the scroll of immolation, it crumbles to dust.
The creatures around you are filled with an inner flame!
The troll barely misses you. The troll closely misses you.
The troll barely misses you. The troll attacks as you move away!
The troll completely misses you. The troll claws you but does no damage.
The troll claws you.
You die...

......................#.......#
......................#.......#
......................#.......#
......>.......))......#.......#
.............)).......'.......+
.####'#######'##+####+####...##
.##...###..##.##.####.####...##
........'................#....#
........#.......@........#....#
........#.......T........#....+
.##....##................+....#
.##########'####...##...##...##
###....##.....##...##+####...#
#..................... .....
#.....................######
#...........).........
#....##.##'###...##...


You could see a troll (inner flame).

Vanquished Creatures
  A steam dragon (D:7)
  Eustachio (D:4)
  A sky beast (D:7)
  A water moccasin (Sewer)
  3 orc warriors
  An ice beast (D:5)
  2 ogres
  2 centaurs
  A kobold brigand (D:8)
  A bullfrog (D:7)
  A scorpion (D:4)
  6 wights
  A howler monkey (D:6)
  2 orc priests
  2 hounds
  2 jellies
  4 sleepcaps
  Jessica (D:3)
  3 iguanas
  14 gnolls
  A river rat (D:3)
  8 adders
  3 white imps (D:6)
  An ufetubus (D:5)
  3 worms
  4 dart slugs
  16 orcs
  7 endoplasms
  6 giant cockroaches
  8 goblins
  8 hobgoblins
  2 jackals (D:4)
  2 quokkas
  5 ball pythons
  7 bats
  5 frilled lizards
  10 kobolds
  7 rats
153 creatures vanquished.

Vanquished Creatures (others)
  An iguana (D:5)
  An orc (D:7)
  A quokka (D:7)
3 creatures vanquished.

Grand Total: 156 creatures vanquished

Notes
Turn   | Place    | Note
-------+----------+-------------------------------------------
     0 | D:1      | Betrocious the Ghoul Gladiator began the quest for the Orb.
     0 | D:1      | Reached XP level 1. HP: 17/17 MP: 0/0
    82 | D:1      | Reached XP level 2. HP: 24/24 MP: 1/1
   424 | D:1      | Reached XP level 3. HP: 29/30 MP: 2/2
   988 | D:2      | Reached skill level 4 in Unarmed Combat
  1110 | D:2      | Reached skill level 1 in Armour
  1110 | D:2      | Reached XP level 4. HP: 37/37 MP: 3/3
  1117 | D:2      | Identified the +1 leather armour of the Delightful Wumpus
                  | {rF+}
  1204 | D:2      | Found a faded altar of an unknown god.
  1817 | D:3      | Found Ashiluoc's Jewellery Emporium.
  1851 | D:3      | Noticed Jessica
  1855 | D:3      | Killed Jessica
  1893 | D:3      | Reached XP level 5. HP: 42/42 MP: 4/4
  1930 | D:3      | Found a glowing drain.
  1941 | Sewer    | Entered a sewer
  1969 | Sewer    | Noticed a water moccasin
  1986 | Sewer    | Killed a water moccasin
  1987 | Sewer    | Reached skill level 5 in Unarmed Combat
  1987 | Sewer    | Reached XP level 6. HP: 38/50 MP: 5/5
  2170 | D:3      | Found a transporter.
  2174 | D:3      | Noticed a kobold demonologist
  2504 | D:3      | Found a transporter.
  2684 | D:3      | Found a blossoming altar of Fedhas.
  3027 | D:4      | Reached skill level 6 in Unarmed Combat
  3106 | D:4      | Noticed Eustachio
  3587 | D:4      | Identified the amulet "Nuibbaq" {Spirit rElec rF- Dex+4}
  3902 | D:4      | Killed Eustachio
  3903 | D:4      | Reached skill level 1 in Shields
  3903 | D:4      | Reached XP level 7. HP: 17/56 MP: 6/6
  4130 | D:5      | Entered Level 5 of the Dungeon
  4173 | D:4      | Reached skill level 7 in Unarmed Combat
  4489 | D:5      | Reached XP level 8. HP: 50/62 MP: 7/7
  4577 | D:5      | Identified the +0 plate armour of the Tundras {Will+ Str+2}
  4626 | D:5      | Reached skill level 8 in Unarmed Combat
  4660 | D:5      | Found an opulent altar of Gozag.
  4886 | D:5      | Found an ancient bone altar of Kikubaaqudgha.
  5080 | D:6      | Found Woessaze's Antique Armour Boutique.
  5350 | D:6      | Found a staircase to the Ecumenical Temple.
  5398 | Temple   | Entered the Ecumenical Temple
  5406 | Temple   | Became a worshipper of the Wu Jian Council
  5704 | D:7      | Reached skill level 9 in Unarmed Combat
  5765 | D:7      | Found a shimmering altar of Xom.
  5784 | D:7      | Found a flagged portal.
  5811 | D:7      | Found Cemewnao's Magic Scroll Boutique.
  5853 | D:7      | Reached XP level 9. HP: 22/68 MP: 8/8
  5856 | D:7      | Reached skill level 10 in Unarmed Combat
  6041 | D:7      | Found Nocyuf's Antique Armour Boutique.
  6042 | D:7      | Found Pafroih's Antique Weapon Boutique.
  6045 | D:7      | Bought a scroll of identify for 28 gold pieces
  6046 | D:7      | Found Emaa's Armour Boutique.
  6057 | D:7      | Bought a +1 pair of boots for 115 gold pieces
  6271 | D:7      | Found a hazy altar of Hepliaklqana.
  6508 | D:7      | Found a hide-covered altar of Uskayaw.
  6511 | D:7      | Found a bloodstained altar of Trog.
  6513 | D:7      | Found an iron altar of Okawaru.
  6864 | D:8      | Reached * piety under Wu Jian
  6903 | D:8      | Found a shadowy altar of Dithmenos.
  7026 | D:8      | You fall into a shaft and drop 3 floors!
  7315 | D:11     | Noticed a troll
  7346 | D:11     | HP: 3/69 [troll (7)]
  7353 | D:11     | Slain by a troll

Illustrated notes

Levels and vault maps discovered:
D:1:      erik_arrival_cave_to_civilisation [erik_arrival_cave_to_hall],
          layout_basic, serial_bayou, serial_bayou_lagoon_a,
          serial_bayou_ford_a, serial_bayou_pond_c, serial_bayou_shore_b,
          wad_woods_river_04, amcnicky_mini_rare_corridor_liquid
D:2:      layout_loops_ring, hellmonk_ecumenical_altar_defaced_shrine
D:3:      gammafunk_wand_slinger, layout_loops_corners,
          mainiacjoe_overflow_alcove_4, portal_sewer_entry_e, serial_shops,
          nicolae_shop_gaudy_bauble, chequers_serial_rivers_room_a,
          nicolae_underground_beach, uniq_jessica
D:4:      layout_cave_pods, uniq_eustachio
D:5:      layout_cave_pools, nicolae_gozag_seed_capital, lemuel_doored_altar,
          minmay_misc_feat_more_columns
D:6:      layout_rooms, minmay_temple_entry_glass, serial_shops,
          nicolae_shop_tiny_statue_garden
D:7:      layout_rooms, elyvilon_altar_4, minitemple, general_overflow_altar,
          nicolae_hepliaklqana_hippocampus, enter_bailey_5,
          minmay_shop_grid_forest
D:8:      statuecave_lemuel, layout_basic, mainiacjoe_overflow_paths, uniq_pikel
D:11:     layout_gridville, uniq_josephine
Temple:   minmay_freezing_vapour_temple

Skill      XL: |  1  2  3  4  5  6  7  8  9 |
---------------+----------------------------+-----
Throwing       | 2 |  2.3
Dodging        | 3 4 |  4.4
Unarmed Combat | 4 5 6 7 9 10 | 10.9
Armour         | 1 2 3 4 |  4.0
Shields        | 1 2 3 |  3.9
Fighting       | 3 |  3.1
Stealth        | |  0.8

Action                     |  1- 3 |  4- 6 |  7- 9 || total
---------------------------+-------+-------+-------++-------
  Melee: Unarmed           |   125 |   187 |   302 ||   614
         Punch             |     5 |     1 |    13 ||    19
Ability: Lunge             |       |       |    14 ||    14
         Whirlwind         |       |       |     3 ||     3
    Use: Scroll            |       |     4 |     5 ||     9
 Armour: Leather armour    |    24 |    57 |    32 ||   113
         Ring mail         |    31 |       |       ||    31
         Plate armour      |       |       |   116 ||   116
  Dodge: Dodged            |    77 |   133 |   136 ||   346
  Block: Other             |       |    44 |    56 ||   100
         Reflection        |       |       |     4 ||     4
